 Dungeon Sprint DCSS version 0.22-a0-393-g7f50228948 (webtiles) character file.

12697 Laan the Destroyer (level 11, -12/78 HPs)
             Began as a Gargoyle Fighter on May 3, 2018.
             Was the Champion of Vehumet.
             Mangled by an acid blob (16 damage)
             ... in the Dungeon (Sprint V: "Ziggurat Sprint").
             The game lasted 00:10:12 (1204 turns).

Laan the Destroyer (Gargoyle Fighter)               Turns: 1204, Time: 00:10:12

Health: -12/78     AC: 21    Str: 39    XL:     11   Next: 97%
Magic:  25/26      EV:  2    Int: 13    God:    Vehumet [******]
Gold:   0          SH: 33    Dex:  9    Spells: 31/32 levels left

rFire    + + .     SeeInvis .   o - +9 broad axe (chop)
rCold    + + .     Gourm    .   a - +18 shield of the Gong {rElec rN+ MR+ EV-5}
rNeg     + + .     Faith    .   m - +5 gold dragon scales
rPois    ∞         Spirit   .   (no helmet)
rElec    +         Reflect  .   (no cloak)
rCorr    +         Harm     .   (no gloves)
MR       +....     Clarity  +   K - +0 pair of boots of Indomitability {Str+7 Slay-2} Stlth ..........NoTele +
                                (no amulet)
HPRegen  0.23/turn              s - +6 ring of strength
MPRegen  0.20/turn              t - +6 ring of strength

@: mighty, resistant, corroded
A: clarity, negative energy resistance 1, electricity resistance, weak 2,
unbreathing, petrification resistance, rot immunity, AC +8
a: Renounce Religion


You were in the Dungeon.
You worshipped Vehumet.
Vehumet was exalted by your worship.
You were very hungry.

You visited 1 branch

Inventory:

Hand Weapons
 o - a +9 broad axe of chopping (weapon)
Armour
 a - the +18 shield of the Gong (worn) {rElec rN+ MR+ EV-5}
   (You found it in the Dungeon)

   It affects your evasion (-5).
   It insulates you from electricity.
   It protects you from negative energy.
   It affects your resistance to hostile enchantments.
 c - a +0 shield
 l - a +5 crystal plate armour
 m - +5 gold dragon scales (worn)
 n - a +3 large shield
 K - the +0 pair of boots of Indomitability (worn) {Str+7 Slay-2}
   (You found it in the Dungeon)

   It affects your strength (+7).
   It affects your accuracy and damage with ranged weapons and melee attacks
   (-2).
Magical Staves
 b - an uncursed staff of energy
 B - an uncursed staff of conjuration
 I - an uncursed staff of earth
 M - an uncursed staff of fire
 N - an uncursed staff of energy
Jewellery
 q - a +6 ring of intelligence
 r - a +6 ring of intelligence
 s - a +6 ring of strength (left hand)
 t - a +6 ring of strength (right hand)
 J - the ring "Gotterio" {Ice rElec rN+ Str+2 Slay-5}
   (You found it in the Dungeon)

   [ring of ice]

   It enhances your ice magic.
   It affects your strength (+2).
   It affects your accuracy and damage with ranged weapons and melee attacks
   (-5).
   It makes you vulnerable to fire.
   It protects you from cold.
   It insulates you from electricity.
   It protects you from negative energy.
 L - an uncursed ring of protection from fire
 O - an uncursed ring of fire
 P - an uncursed ring of protection from fire
 Q - the ring of Moaciw {+Fly rPois}
   (You found it in the Dungeon)

   [ring of poison resistance]

   It protects you from poison.
   It lets you fly.
Wands
 u - a wand of disintegration (7)
 v - a wand of iceblast (7)
 w - a wand of acid (7)
Scrolls
 k - 4 scrolls of blinking
 y - 4 scrolls of amnesia
 D - 7 scrolls of fog
 E - a scroll of holy word
 F - 5 scrolls of identify
 G - 5 scrolls of remove curse
 H - 2 scrolls of fear
Potions
 d - 4 potions of might
 e - 10 potions of curing
 g - 6 potions of heal wounds
 h - 9 potions of haste
 i - 7 potions of magic
 j - 2 potions of berserk rage
 x - 2 potions of brilliance
 z - 2 potions of invisibility
 A - 3 potions of resistance
 C - 5 potions of agility
Miscellaneous
 p - a crystal ball of energy
Comestibles
 f - 7 rations


   Skills:
 + Level 13.3 Fighting
 - Level 11.2 Axes
 + Level 13.4 Armour
 + Level 13.4 Shields
 + Level 11.1 Spellcasting
 * Level 13.5 Conjurations


You had 31 spell levels left.
You knew the following spells:

 Your Spells              Type           Power        Failure   Level  Hunger
a - Magic Dart            Conj           ####         1%          1    None


Dungeon Overview and Level Annotations

Branches:
Dungeon (1/1)

Altars:
Ashenzari
Cheibriados
Dithmenos
Elyvilon
Fedhas
Gozag
Hepliaklqana
Kikubaaqudgha
Makhleb
Nemelex Xobeh
Okawaru
Qazlal
Ru
Sif Muna
Trog
Uskayaw
Vehumet
Wu Jian
Xom
Yredelemnul
Zin
The Shining One
Beogh
Jiyva
Lugonu

Annotations:
D 1 transporter


Innate Abilities, Weirdness & Mutations

You are resistant to torment.
Your stone body is resilient. (AC +8)
You are immune to poison.
You resist negative energy. (rN+)
You are resistant to electric shocks. (rElec)
You can survive without breathing.
You are immune to petrification.
You are immune to rotting.
You possess an exceptional clarity of mind.
You are very weak. (Str -4)


Message History

You block the azure jelly's attack.
GONNNNG!
The acid blob hits you!!
* * * LOW HITPOINT WARNING * * *
The acid corrodes you!
You are splashed with acid!
The acid burns!
You resist.
* * * LOW HITPOINT WARNING * * *
The golden eye blinks at you. You resist with almost no effort.
The acid blob spits acid at you. You block the splash of acid.
PANG!
You block the azure jelly's attack.
GONNNNG!
The azure jelly hits you.
* * * LOW HITPOINT WARNING * * *
The azure jelly freezes you! You resist.
* * * LOW HITPOINT WARNING * * *
The azure jelly hits you but does no damage.
The azure jelly completely misses you. The acid blob hits you!
You die...

▓▓▓▓▓▓▓▓▓▓▓▓▓▓▓▓▓▓▓
▓...8©8...▓...8©8...▓
▓..:|)"=..▓..)..)...▓
▓..):)["..▓.....[...▓
▓.........▓.........▓
▓.........▓.........▓
▓...JJJ...▓....|.)..▓
▓..JJJJ...▓....|....▓
▓..JG@....▓.........▓
▓.▓.....▓.▓....©....▓
▓....©....▓▓▓▓▓▓▓▓▓▓▓
▓▓▓▓▓▓▓▓▓▓▓


You could see 2 acid blobs, 3 azure jellies, a slime creature, 2 jellies and a
golden eye.

Vanquished Creatures
  An azure jelly (D)
  A balrug (D)
  A mummy priest (D)
  A dancing weapon (D)
  An ogre mage (D)
  2 deep elf knights (D)
  A deep elf archer (D)
  3 deep elf magi (D)
  An ugly thing (D)
  2 shining eyes (D)
  A salamander (shapeshifter) (D)
  A cyclops (D)
  A water nymph (shapeshifter) (D)
  A guardian serpent (D)
  4 guardian mummies (D)
  A large abomination (D)
  A raiju (D)
  3 starcursed masses (D)
  A flying skull (D)
  A fire elemental (D)
  A tengu (shapeshifter) (D)
  An eye of draining (shapeshifter) (D)
  A crimson imp (D)
  3 quasits (D)
  2 orc priests (D)
  An orc wizard (D)
  3 iron imps (D)
  2 iguanas (D)
  A mummy (D)
  A river rat (D)
  A white imp (D)
  3 ufetubi (D)
  2 adder skeletons (D)
  An adder zombie (D)
  An orc (D)
  2 jackals (D)
55 creatures vanquished.

Vanquished Creatures (others)
  A quasit (D)
  A white imp (D)
2 creatures vanquished.

Grand Total: 57 creatures vanquished

Notes
Turn   | Place    | Note
-------+----------+-------------------------------------------
     0 | D        | Found the +6 Majin-Bo {vamp, Archmagi MP+6 Int+6}
     0 | D        | Found the +7 great mace "Firestarter" {inner flame, rF++}
     0 | D        | Laan the Gargoyle Fighter began the quest for the Orb.
     0 | D        | Reached XP level 1. HP: 14/14 MP: 1/1
     3 | D        | Found a blossoming altar of Fedhas.
     5 | D        | Found a viscous altar of Jiyva.
     5 | D        | Found a hazy altar of Hepliaklqana.
     5 | D        | Found a transporter.
     5 | D        | Found an opulent altar of Gozag.
     5 | D        | Found an ancient bone altar of Kikubaaqudgha.
     5 | D        | Found a corrupted altar of Lugonu.
    41 | D        | Found a burning altar of Makhleb.
    42 | D        | Found an iron altar of Okawaru.
    42 | D        | Found a stormy altar of Qazlal.
    42 | D        | Found a sparkling altar of Nemelex Xobeh.
    42 | D        | Found a sacrificial altar of Ru.
    42 | D        | Found a deep blue altar of Sif Muna.
    46 | D        | Found the +9 heavy crossbow "Sniper" {velocity, Acc+∞ SInv}
    46 | D        | Found the +10 dark maul {crush}
    46 | D        | Found the +15 Maxwell's patent armour {-Cast -Tele rElec MR+ rCorr}
    46 | D        | Found the +18 shield of the Gong {rElec rN+ MR+ EV-5}
    46 | D        | Found the cursed +14 obsidian axe {chop, +Fly SInv *Curse}
    48 | D        | Found the +6 shillelagh "Devastator" {shatter}
    48 | D        | Found the +11 plutonium sword {*Contam Stlth-}
    48 | D        | Found the +8 lance "Wyrmbane" {slay drac, rPois rF+ rC+ AC+3}
    48 | D        | Found the +9 sword of Zonguldrok {reap}
    48 | D        | Found the cursed +13 scythe of Curses {drain, *Curse}
    48 | D        | Found the +0 sword of Power
    48 | D        | Found the +14 mace of Variability {chaos}
    48 | D        | Found the +7 Singing Sword
    48 | D        | Found the +7 longbow "Piercer" {penet, EV-2}
    49 | D        | Found a bloodstained altar of Trog.
    76 | D        | Became a worshipper of Vehumet
    88 | D        | Reached XP level 2. HP: 20/20 MP: 1/5
   134 | D        | Entered arena 2.
   134 | D        | Noticed an ogre mage
   134 | D        | Noticed a cyclops
   134 | D        | Found a transporter.
   140 | D        | Killed a cyclops
   140 | D        | Reached skill level 5 in Spellcasting
   140 | D        | Reached XP level 3. HP: 28/28 MP: 5/9
   140 | D        | Reached XP level 4. HP: 34/34 MP: 6/11
   140 | D        | Reached XP level 5. HP: 38/38 MP: 6/12
   140 | D        | Reached XP level 6. HP: 44/44 MP: 6/13
   146 | D        | Killed an ogre mage
   146 | D        | Reached XP level 7. HP: 50/50 MP: 7/16
   146 | D        | Reached XP level 8. HP: 55/55 MP: 7/17
   154 | D        | Entered arena 3.
   154 | D        | Noticed a scimitar of holy wrath
   154 | D        | Noticed a deep elf mage
   154 | D        | Found a transporter.
   161 | D        | Killed a deep elf mage
   161 | D        | Reached * piety under Vehumet
   161 | D        | Offered knowledge of Magic Dart by Vehumet.
   161 | D        | Reached skill level 10 in Axes
   169 | D        | Killed a scimitar of holy wrath
   169 | D        | Reached skill level 10 in Fighting
   169 | D        | Reached skill level 10 in Shields
   169 | D        | Reached XP level 9. HP: 34/62 MP: 10/20
   315 | D        | Learned a level 1 spell: Magic Dart
   317 | D        | Entered arena 4.
   317 | D        | Found a transporter.
   320 | D        | Reached ** piety under Vehumet
   320 | D        | Offered knowledge of Flame Tongue by Vehumet.
   340 | D        | Reached skill level 10 in Armour
   375 | D        | Entered arena 5.
   375 | D        | Found a transporter.
   380 | D        | Reached *** piety under Vehumet
   395 | D        | Got the ring "Gotterio" {Ice rElec rN+ Str+2 Slay-5}
   399 | D        | Entered arena 6.
   399 | D        | Found a transporter.
   403 | D        | Reached **** piety under Vehumet
   421 | D        | Got the +0 pair of boots of Indomitability {Str+7 Slay-2}
   430 | D        | Entered arena 7.
   430 | D        | Noticed a shining eye
   430 | D        | Noticed a water nymph
   430 | D        | Noticed a shining eye
   430 | D        | Noticed a white ugly thing
   430 | D        | Noticed a queen bee
   431 | D        | Found a transporter.
   431 | D        | Gained mutation: You are weak. (Str -2) [a shining eye]
   435 | D        | Gained mutation: You possess an exceptional clarity of mind. [a shining eye]
   437 | D        | Killed a water nymph
   438 | D        | Gained mutation: You are very weak. (Str -4) [a shining eye]
   439 | D        | a queen bee changed into an eye of draining
   443 | D        | Killed a white ugly thing
   443 | D        | Reached skill level 5 in Conjurations
   443 | D        | Reached ***** piety under Vehumet
   443 | D        | Reached XP level 10. HP: 65/68 MP: 22/22
   443 | D        | Killed a shining eye
   444 | D        | Killed a shining eye
   458 | D        | Entered arena 8.
   458 | D        | Noticed a deep elf knight
   458 | D        | Noticed a salamander
   458 | D        | Noticed a deep elf mage
   458 | D        | Noticed a deep elf mage
   458 | D        | Noticed a deep elf archer
   458 | D        | Noticed a deep elf knight
   459 | D        | Found a transporter.
   464 | D        | Killed a deep elf mage
   471 | D        | Killed a salamander
   474 | D        | Killed a deep elf knight
   474 | D        | Killed a deep elf mage
   474 | D        | Killed a deep elf knight
   474 | D        | Reached skill level 10 in Conjurations
   474 | D        | Reached XP level 11. HP: 17/76 MP: 24/24
   478 | D        | Killed a deep elf archer
   478 | D        | Reached ****** piety under Vehumet
   750 | D        | Entered arena 9.
   750 | D        | Noticed a balrug
   751 | D        | Found a transporter.
   753 | D        | Offered knowledge of Ignite Poison by Vehumet.
   755 | D        | Killed a balrug
   755 | D        | Reached skill level 10 in Spellcasting
   935 | D        | Entered arena 10.
   935 | D        | Noticed a starcursed mass
   936 | D        | Found the cursed -5 robe of Misfortune {-Cast *Contam *Tele *Drain EV-5 Stlth-- *Curse}
   936 | D        | Found a transporter.
   938 | D        | Offered knowledge of Fulminant Prism by Vehumet.
   941 | D        | Paralysed by accursed screaming for 1 turns
   944 | D        | Killed a starcursed mass
   948 | D        | Killed a starcursed mass
  1057 | D        | Entered arena 11.
  1057 | D        | Noticed a mummy priest
  1058 | D        | Found a transporter.
  1065 | D        | Noticed a flayed ghost
  1069 | D        | Noticed a soul eater
  1073 | D        | Killed a mummy priest
  1073 | D        | Offered knowledge of Stone Arrow by Vehumet.
  1073 | D        | Noticed a reaper
  1088 | D        | Got the ring of Moaciw {+Fly rPois}
  1092 | D        | Got the Compendium of Ghastly Transmutation
  1196 | D        | Entered arena 12.
  1196 | D        | Noticed an acid blob
  1196 | D        | Noticed an acid blob
  1198 | D        | Noticed an azure jelly
  1198 | D        | Noticed an azure jelly
  1199 | D        | Noticed an azure jelly
  1199 | D        | Noticed an azure jelly
  1200 | D        | Found a transporter.
  1203 | D        | Killed an azure jelly
  1204 | D        | Mangled by an acid blob

Vault maps used:
D:        sprint_v

Skill      XL: |  1  2  3  4  5  6  7  8  9 10 11 |
---------------+----------------------------------+-----
Fighting       | 4 7 8 10 12 13 | 13.3
Axes           | 4 7 9 11 | 11.2
Armour         | 4 7 8 9 10 12 13 | 13.4
Shields        | 4 7 8 10 12 13 | 13.4
Spellcasting   | 2 5 6 7 8 9 11 | 11.1
Conjurations   | 5 10 13 | 13.5

Action                   |  1- 3 |  4- 6 |  7- 9 | 10-12 || total
-------------------------+-------+-------+-------+-------++-------
Melee: Broad axe         |     5 |     6 |    58 |    53 ||   122
  Use: Potion            |     1 |       |       |     8 ||     9
       Scroll            |       |       |       |     5 ||     5
Armor: Crystal plate arm |     3 |     1 |    26 |    16 ||    46
       Gold dragon scale |       |       |       |    67 ||    67
Dodge: Dodged            |       |       |     3 |     5 ||     8
Block: Shield            |     7 |     3 |   104 |   142 ||   256

Table legend:
 A = Spawn XP
 B = Non-spawn XP
 C = Spawn XP percentage of total XP
 D = Spawn monster count
 E = Non-spawn monster count
 F = Spawn count percentage of total count
 G = Total turns spent on level
                    A         B        C        D         E        F      G
               +---------+---------+-------+---------+---------+-------+---------
         Total |       0 |   18129 |   0.0 |       0 |      56 |   0.0 |  1204
               +---------+---------+-------+---------+---------+-------+---------
             D |       0 |   18129 |   0.0 |       0 |      56 |   0.0 |  1204
               +---------+---------+-------+---------+---------+-------+---------
